 Dungeon Crawl Stone Soup version 0.18-a0-1078-gebb93d0 (webtiles) character file.

147 ater218 the Shield-Bearer (level 5, 0/41 HPs)
             Began as a Vampire Fighter on Jan 14, 2016.
             Killed by nerve-wracking pain
             ... invoked by an orc priest
              (10 damage)
             ... on level 3 of the Dungeon.
             The game lasted 00:09:29 (2466 turns).

ater218 the Shield-Bearer (Vampire Fighter)         Turns: 2466, Time: 00:09:30

Health: 0/41       AC: 11    Str: 15    XL:     5   Next: 7%
Magic:  5/5        EV:  4    Int: 11    God:
Gold:   79         SH:  8    Dex: 11    Spells: 0 memorised, 4 levels left

rFire  . . .     SeeInvis +     a - +0 long sword
rCold  . . .     Gourm    .     d - +0 chain mail
rNeg   . . .     Faith    .     c - +0 shield
rPois  .         Spirit   .     g - +0 helmet
rElec  .         Dismiss  .     m - +0 cloak
rCorr  .         Reflect  .     (no gloves)
SustAt .         Harm     .     (no boots)
MR     .....                    (no amulet)
Stlth  ..........               (no ring)
                                f - -3 ring of dexterity (curse)

@: regenerating quickly, not resistant to hostile enchantments, extremely
unstealthy
A: fangs 3, see invisible, unbreathing
a: no special abilities


You were on level 3 of the Dungeon.
You were full.

You visited 1 branch of the dungeon, and saw 3 of its levels.

You collected 79 gold pieces.

Inventory:

Hand Weapons
 a - a +0 long sword (weapon)
Armour
 c - a +0 shield (worn)
 d - a +0 chain mail (worn)
 g - a +0 helmet (worn)
 m - a +0 cloak (worn)
Jewellery
 f - a cursed -3 ring of dexterity (left hand)
Scrolls
 h - 2 scrolls of fear {unknown}
 i - a scroll of identify {unknown}
 l - a scroll of remove curse {unknown}
 o - a scroll of recharging {unknown}
Potions
 b - a potion of curing {unknown}
 e - 6 potions of blood
 j - a potion of cancellation {unknown}
 k - 2 potions of lignification {unknown}
 n - a potion of poison {unknown}
 p - a potion of brilliance {unknown}
 q - a potion of invisibility {unknown}


   Skills:
 + Level 3.1 Fighting
 * Level 3.2 Long Blades
 + Level 2.7 Armour
 * Level 2.1 Dodging
 + Level 3.6 Shields


You had 4 spell levels left.
You didn't know any spells.

Dungeon Overview and Level Annotations

Branches:
Dungeon (3/15)

Altars:
Ashenzari
The Shining One


Innate Abilities, Weirdness & Mutations

Your natural rate of healing is unusually fast.
You have razor-sharp teeth.
You have supernaturally acute eyesight.
You can survive without breathing.


Message History

The orc priest calls down the wrath of Beogh upon you.
Something smites you! You block the orc wizard's attack.
You block the orc's attack.
You hit the orc wizard but do no damage.
The orc wizard is almost dead.
The orc wizard gestures at you while chanting.
The puff of flame hits you!
* * * LOW HITPOINT WARNING * * *
The orc hits you.
* * * LOW HITPOINT WARNING * * *
You hit the orc wizard.
You kill the orc wizard!
You have reached level 5!
You feel agile. The orc hits you but does no damage.
You closely miss the orc.
The orc is moderately wounded.
The orc priest invokes the aid of Beogh against you.
Pain shoots through your body!
You die...

#.##.##
##.#...########
.....#........#
##.#...##.###.# #
#.#...##.# #.#.#
#........###.#.# ##
#..............##.#
#......<.###.###o#
#.#...##.# #...@#
#.#...##.# #$.o##
### #.......# ##
######..# ..< #.#.#
# ### #.##.#. #.#
#.# ######### #.#
#.# #.......# #.#
#.#


You could see an orc priest and an orc.

Vanquished Creatures
  An orc wizard (D:3)
  6 adders
  2 worms
  A giant gecko (D:2)
  5 orcs (D:3)
  8 bats
  2 giant cockroaches (D:2)
  5 hobgoblins
  7 jackals (D:1)
  3 giant newts
  4 goblins
  5 kobolds
  8 rats
57 creatures vanquished.

Notes
Turn   | Place    | Note
--------------------------------------------------------------
     0 | D:1      | ater218 the Vampire Fighter began the quest for the Orb.
     0 | D:1      | Reached XP level 1. HP: 17/17 MP: 1/1
    88 | D:1      | Reached XP level 2. HP: 20/23 MP: 2/2
   261 | D:1      | Reached skill level 3 in Shields
   376 | D:1      | Found a shattered altar of Ashenzari.
   631 | D:2      | Reached skill level 1 in Dodging
   631 | D:2      | Reached XP level 3. HP: 4/28 MP: 3/3
  1524 | D:2      | Reached XP level 4. HP: 25/34 MP: 4/4
  2127 | D:3      | Found a glowing golden altar of the Shining One.
  2465 | D:3      | Reached XP level 5. HP: 10/41 MP: 5/5
  2466 | D:3      | Killed from afar by an orc priest

Vault maps used:
D:1:      mrwooster_arrival_arrow, ashenzari_altar_1
D:2:      minmay_vboxes
D:3:      lemuel_doored_altar

Action                   |  1- 3 |  4- 6 || total
-------------------------+-------+-------++-------
Melee: Long sword        |   117 |   122 ||   239
  Use: Scroll            |     4 |       ||     4
       Potion            |     3 |    10 ||    13
